Map: Lightshade LE

Players

TriGGeR

  • Race: Protoss Protoss
  • League: Grandmaster

Scarlett - Winner!

  • Race: Zerg Zerg

Event: DreamHack SC2 Masters 2021 Summer

VOD

Have the link to the VOD?

Description

Time

  • Played on: June 4, 2021, 5:12 p.m.
  • Length: 10:06

All games in this series

Show
View Real Time Build Order
Export as new Build Order

TriGGeR Protoss 

Build Orders: 1 Gate Expand, Mass Adepts 

Get SALT Encoding   

  12  0:00  Probe  
  13  0:12  Probe  
  14  0:20  Pylon  
  14  0:24  Probe  
  15  0:38  Probe (Chrono Boost)  
  15  0:42  Gateway  
  16  0:47  Probe (Chrono Boost)  
  16  0:49  Assimilator  
  17  0:53  Probe  
  18  1:05  Probe  
  19  1:17  Probe  
  20  1:27  Nexus  
  20  1:30  Probe  
  21  1:41  Cybernetics Core  
  21  1:44  Probe  
  22  1:50  Assimilator  
  22  1:56  Pylon  
  22  1:59  Probe  
  23  2:14  Probe (Chrono Boost)  
  23  2:15  Adept (Chrono Boost)  
  24  2:18  Warp Gate  
  26  2:23  Twilight Council  
  26  2:25  Probe (Chrono Boost)  
  27  2:33  Probe  
  28  2:37  Stalker (Chrono Boost)  
  28  2:41  Probe  
  31  2:45  Probe  
  32  2:53  Robotics Facility  
  32  2:56  Probe  
  33  3:06  Gateway  
  33  3:07  Probe  
  33  3:09  Resonating Glaives (Chrono Boost)  
  34  3:18  Adept  
  36  3:21  Gateway  
  36  3:27  Gateway  
  36  3:32  Probe  
  38  3:36  Warp Prism (Chrono Boost)  
  39  3:46  Probe x2  
  41  3:53  Pylon  
  41  3:58  Probe x2  
  43  4:05  Pylon  
  43  4:06  Observer  
  43  4:07  Adept  
  46  4:12  Pylon, Adept  
  48  4:18  Probe x2  
  50  4:25  Adept x2  
  50  4:27  Adept  
  56  4:32  Adept  
  56  4:35  Probe  
  56  4:38  Probe  
  60  4:49  Probe  
  61  4:53  Adept x4  
  61  4:54  Probe  
  61  4:56  Pylon  
  70  5:01  Pylon  
  70  5:05  Probe  
  69  5:18  Probe  
  69  5:21  Adept x4  
  64  5:32  Probe  
  54  5:43  Immortal (Chrono Boost)  
  54  5:44  Probe x2  
  54  5:48  Adept x4  
  68  5:57  Probe x2  
  70  5:58  Pylon  
  70  6:01  Nexus  
  70  6:04  Assimilator  
  70  6:09  Probe  
  70  6:10  Pylon  
  65  6:13  Immortal (Chrono Boost)  
  65  6:14  Assimilator  
  65  6:17  Probe  
  65  6:18  Pylon  
  68  6:21  Probe  
  69  6:28  Shield Battery  
  69  6:29  Adept x3  
  69  6:32  Adept  
  77  6:34  Probe  
  76  6:41  Probe  
  63  6:47  Shield Battery  
  63  6:51  Adept x3  
  69  6:54  Pylon  
  69  6:55  Warp Prism  
  70  7:02  Shield Battery  
  70  7:03  Adept  
  66  7:11  Forge  
  66  7:13  Adept x3  
  68  7:16  Gateway  
  68  7:21  Cybernetics Core  
  68  7:28  Robotics Bay  
  68  7:33  Immortal (Chrono Boost)  
  72  7:48  Protoss Ground Weapons Level 1  
  72  8:05  Pylon  
  76  8:08  Sentry  
  76  8:09  Nexus, Sentry  
  76  8:16  Sentry  
  76  8:17  Disruptor (Chrono Boost)  
  78  8:25  Gateway  
  78  8:26  Probe x2, Gateway  
  83  8:32  Photon Cannon  
  83  8:37  Shield Battery  
  83  8:38  Probe, Shield Battery  
  84  8:45  Adept x4  
  90  8:58  Probe  
  81  9:06  Disruptor (Chrono Boost)  
  81  9:07  Stalker x3  
  90  9:14  Stalker  
  92  9:23  Nexus  
  89  9:31  Stalker  
  89  9:32  Stalker x2  
  94  9:48  Sentry  
  94  9:49  Sentry  
  94  9:57  Stalker x2  
Show
View Real Time Build Order
Export as new Build Order

Scarlett Zerg - Winner!

Build Orders: Hatch First 

Get SALT Encoding   

  12  0:00  Drone  
  13  0:12  Overlord  
  13  0:17  Drone  
  14  0:31  Drone x2  
  16  0:44  Drone  
  17  0:51  Hatchery  
  17  0:53  Drone  
  17  0:57  Drone  
  18  1:08  Extractor  
  17  1:12  Spawning Pool  
  17  1:15  Drone  
  17  1:19  Drone  
  18  1:28  Drone  
  19  1:39  Drone  
  20  1:49  Overlord  
  20  1:59  Queen  
  22  2:02  Queen  
  22  2:03  Drone  
  22  2:04  Zergling x2  
  26  2:11  Drone  
  26  2:12  Metabolic Boost  
  26  2:13  Drone  
  28  2:22  Drone  
  29  2:25  Drone  
  30  2:34  Hatchery  
  30  2:35  Zergling x2  
  30  2:42  Queen  
  32  2:46  Overlord  
  32  2:48  Drone  
  32  2:51  Drone  
  34  2:57  Drone  
  34  2:58  Drone  
  36  3:06  Drone x4  
  36  3:11  Overlord  
  40  3:13  Drone x2  
  40  3:18  Queen  
  44  3:25  Overlord  
  44  3:32  Roach Warren  
  44  3:33  Drone x2  
  44  3:34  Extractor  
  44  3:38  Drone x2  
  44  3:40  Drone  
  47  3:42  Drone  
  47  3:43  Drone  
  49  3:49  Overlord  
  49  3:51  Zergling x4  
  51  3:59  Zergling x4  
  51  4:00  Zergling x2  
  54  4:11  Roach x3  
  54  4:12  Zergling x12  
  66  4:19  Spore Crawler  
  66  4:20  Spore Crawler  
  66  4:22  Zergling x4  
  66  4:23  Spore Crawler  
  65  4:30  Overlord  
  68  4:32  Ravager x3  
  68  4:36  Overlord  
  68  4:37  Zergling x6  
  74  4:46  Overlord  
  74  4:52  Zergling x14  
  81  4:55  Overlord  
  81  5:00  Zergling x2  
  81  5:01  Zergling x10  
  87  5:11  Zergling x6  
  87  5:18  Zergling x6  
  81  5:26  Queen  
  83  5:30  Drone x4  
  83  5:38  Drone x3  
  83  5:42  Drone  
  83  5:45  Drone  
  84  5:55  Drone x2  
  84  5:56  Drone x5  
  89  6:01  Roach x3  
  95  6:13  Drone  
  95  6:14  Lair  
  95  6:15  Drone  
  95  6:16  Drone x4  
  95  6:18  Extractor  
  100  6:19  Drone, Extractor  
  100  6:22  Evolution Chamber  
  100  6:24  Ravager x3  
  102  6:26  Overlord  
  102  6:28  Overlord  
  102  6:30  Drone x2  
  104  6:33  Overlord  
  99  6:41  Drone x6  
  102  6:48  Spore Crawler  
  102  6:49  Spore Crawler  
  102  6:50  Spore Crawler  
  102  6:51  Zerg Missile Weapons Level 1  
  102  6:53  Drone x4  
  101  7:07  Drone x10  
  106  7:15  Drone x2  
  104  7:18  Extractor  
  104  7:19  Extractor, Glial Reconstitution  
  102  7:25  Spire  
  102  7:27  Hatchery  
  100  7:32  Roach x5  
  116  7:37  Roach x3  
  116  7:39  Overseer  
  116  7:42  Overseer  
  116  7:46  Roach x5  
  116  7:49  Overlord  
  126  7:51  Overlord  
  126  7:52  Overlord  
  126  8:02  Overlord x2  
  126  8:05  Roach x2  
  132  8:13  Roach x7  
  132  8:19  Overlord  
  144  8:20  Overlord  
  144  8:21  Ravager x7  
  144  8:23  Roach  
  144  8:26  Zergling x8  
  157  8:32  Roach x3  
  163  8:36  Overlord x2  
  163  8:38  Zergling x4  
  165  8:53  Mutalisk x4  
  172  9:00  Zergling x20  
  180  9:07  Mutalisk x2  
  183  9:13  Extractor  
  183  9:14  Extractor, Spore Crawler  
  183  9:15  Drone x4  
  184  9:18  Drone x2  
  184  9:24  Zergling x10  
  191  9:28  Hatchery  
  190  9:35  Zergling x16  
  195  9:42  Zergling x2  
  173  9:47  Zergling x12  
  173  9:48  Zergling x6  
Tags
 
Add a new tag
Caveats
  • Supply blocks, unpowered buildings, or Contaminate may cause inaccurate times.
  • Supply counts are checked every 10 seconds.